 Dungeon Crawl Stone Soup version 0.24-a0-93-ge1bfdf8443 (webtiles) character file.

Game seed: 17657015481539442114

9172 Niddhogr the Tainter (level 11, -6/84 HPs)
             Began as a Formicid Venom Mage on Feb 10, 2019.
             Was an Elder of Okawaru.
             Mangled by a troll (9 damage)
             ... on level 10 of the Dungeon.
             The game lasted 01:00:11 (12180 turns).

Niddhogr the Tainter (Formicid Venom Mage)         Turns: 12180, Time: 01:00:13

Health: -6/84      AC:  5    Str: 13    XL:     11   Next: 69%
Magic:  2/21       EV: 15    Int: 18    God:    Okawaru [****..]
Gold:   587        SH:  0    Dex: 11    Spells: 11/24 levels left

rFire    + . .     SeeInvis +   y - +1 spear (flame)
rCold    . . .     Gourm    .   (no shield)
rNeg     . . .     Faith    .   n - +1 robe {rF+}
rPois    .         Spirit   .   (helmet unavailable)
rElec    .         Reflect  .   f - +0 cloak
rCorr    .         Harm     .   w - +0 pair of gloves
MR       +....                  (no boots)
Stlth    +++.......             (no amulet)
HPRegen  0.24/turn              (no ring)
MPRegen  0.17/turn              (no ring)

@: heroism
A: permanent stasis, dig shafts and tunnels, four strong arms, antennae 3
a: Dig, Shaft Self, Heroism, Renounce Religion


You were on level 10 of the Dungeon.
You worshipped Okawaru.
Okawaru was greatly pleased with you.
You were not hungry.

You visited 2 branches of the dungeon, and saw 11 of its levels.

You collected 587 gold pieces.

Inventory:

Hand Weapons
 y - a +1 spear of flaming (weapon)
Missiles
 d - 2 throwing nets
 r - 6 poisoned javelins (quivered)
 J - 4 javelins
Armour
 f - a +0 cloak (worn)
 n - a +1 robe of fire resistance (worn)
 w - a +0 pair of gloves (worn)
 z - a cursed -2 leather armour
 F - a +0 troll leather armour
Wands
 A - a wand of disintegration (13)
 E - a wand of acid (6)
Scrolls
 b - a scroll of immolation {unknown}
 e - a scroll of remove curse
 i - 2 scrolls of amnesia {unknown}
 k - a scroll of brand weapon
 q - 2 scrolls of enchant armour
 B - a scroll of fear
 C - a scroll of fog
 G - a scroll of blinking {unknown}
 H - a scroll of identify
 I - a scroll of acquirement {unknown}
Potions
 a - a potion of cancellation {unknown}
 g - a potion of might
 h - 4 potions of agility
 j - 4 potions of curing {unknown}
 l - a potion of brilliance {unknown}
 m - a potion of invisibility {unknown}
 o - 2 potions of haste {unknown}
 p - a potion of lignification {unknown}
 s - 2 potions of berserk rage {unknown}
 t - 4 potions of resistance {unknown}
 u - 3 potions of flight {unknown}
 v - 3 potions of ambrosia {unknown}
 x - 3 potions of degeneration {unknown}
 D - a potion of magic {unknown}
Comestibles
 c - 18 rations


   Skills:
 - Level 7.0(12.0) Fighting
 - Level 5.0(10.0) Polearms
 + Level 7.6(12.6) Throwing
 - Level 1.7(6.7) Dodging
 - Level 2.4(7.4) Stealth
 - Level 7.1 Spellcasting
 - Level 6.1 Conjurations
 - Level 11.0 Poison Magic
 - Level 6.0 Invocations


You had 11 spell levels left.
You knew the following spells:

 Your Spells              Type           Power        Failure   Level  Hunger
a - Sting                 Conj/Pois      ####         1%          1    None
b - Mephitic Cloud        Conj/Pois/Air  ####....     3%          3    ##.....
c - Olgreb's Toxic Radia  Pois           #####...     1%          4    ####...
d - Venom Bolt            Conj/Pois      #####.....   9%          5    #####..

Your spell library contained the following spells:

 Spells                   Type           Power        Failure   Level  Hunger
 Magic Dart               Conj           ####         1%          1    None
 Poisonous Vapours        Pois/Air       ####..       1%          2    None
 Throw Frost              Conj/Ice       ###...       4%          2    None
 Conjure Flame            Conj/Fire      ###.....     9%          3    ##.....
 Dazzling Spray           Conj/Hex       ###...       9%          3    ##.....
 Stone Arrow              Conj/Erth      ###...       9%          3    ##.....
 Corona                   Hex            #......      11%         1    None
 Freeze                   Ice            #...         11%         1    None
 Sandblast                Erth           #.....       11%         1    None
 Call Imp                 Summ           #.......     16%         2    None
 Ensorcelled Hibernation  Hex/Ice        #.....       16%         2    None
 Passwall                 Tmut/Erth      #.......     16%         2    None
 Slow                     Hex            #.......     16%         2    None
 Throw Icicle             Conj/Ice       ###.....     30%         4    ####...
 Confuse                  Hex            #.......     32%         3    ##.....
 Ozocubu's Armour         Chrm/Ice       #.......     32%         3    ##.....
 Tukima's Dance           Hex            #.......     32%         3    ##.....
 Petrify                  Tmut/Erth      #.......     71%         4    ####...
 Summon Ice Beast         Ice/Summ       #.......     71%         4    ####...
 Lee's Rapid Deconstruct  Erth           #.........   96%         5    #####..
 Blink                    Tloc           Unusable     N/A         2    N/A

Dungeon Overview and Level Annotations

Branches:
Dungeon (10/15)            Temple (1/1) D:4
   Lair: D:8-11         Orc: D:9-12

Altars:
Ashenzari
Cheibriados
Dithmenos
Elyvilon
Gozag
Hepliaklqana
Kikubaaqudgha
Makhleb
Nemelex Xobeh
Okawaru
Qazlal
Sif Muna
Trog
Uskayaw
Vehumet
Wu Jian
Xom
Yredelemnul
Zin
The Shining One

Shops:
D:5 }=%   D:6 (


Innate Abilities, Weirdness & Mutations

You cannot be hasted, slowed, berserked, paralysed or teleported.
You can dig through walls and to a lower floor.
Your four strong arms can wield two-handed weapons with a shield.
You have a pair of large antennae on your head. (SInv)


Message History

The troll claws you but does no damage.
You are too injured to fight recklessly!
You are too injured to fight recklessly!
You are too injured to fight recklessly!
You are too injured to fight recklessly!
You are too injured to fight recklessly!
You barely miss the troll.
The troll is heavily wounded.
You hit the troll. You burn the troll.
The troll is severely wounded.
The troll misses you. The troll claws you! x2
* * * LOW HITPOINT WARNING * * *
You hit the troll but do no damage.
The troll is severely wounded.
The troll bites you!
* * * LOW HITPOINT WARNING * * *
The troll claws you!
* * * LOW HITPOINT WARNING * * *
The troll claws you!
You die...

≈≈≈≈≈≈≈#...####...######.
###:....<..............'.
#.......######....######.
#...........##....######.
#.........#.##.....(.((..
#.#.).).#.#.##....#######
#...)...#....'...['..(...
#####.....###.##....#######
..........@...##....# #
.[.#######T#######..## #
......................# #
......................# #
......................# #
.......(.............# #
≈≈≈≈≈≈≈.≈≈≈≈≈≈≈≈≈≈≈≈≈≈≈ #
≈≈≈≈≈≈≈.≈#####≈≈≈≈≈≈≈≈≈≈ #
≈#####≈.≈# #≈≈≈≈≈≈≈≈≈≈≈ #


You could see a troll.

Vanquished Creatures
  A two-headed ogre (D:8)
  2 iron trolls (D:10)
  3 deep trolls (D:10)
  4 trolls (D:10)
  Prince Ribbit (D:6)
  2 hippogriffs
  Sigmund (D:2)
  3 yaks (D:10)
  A hungry ghost (D:9)
  2 orc warriors
  A sky beast (D:8)
  3 ice beasts
  A necrophage (D:8)
  A phantom (D:4)
  6 ogres
  9 centaurs
  A big kobold (D:9)
  3 bullfrogs
  3 scorpions
  2 electric eels (D:10)
  4 howler monkeys
  A centaur zombie (D:5)
  5 crimson imps
  2 centaur skeletons
  A gnoll shaman (D:9)
  An orc priest (D:6)
  3 hounds
  9 orc wizards
  2 bullfrog skeletons
  2 iguanas
  Jessica (D:3)
  8 worker ants
  A hound zombie (D:8)
  A hound skeleton (D:5)
  A worker ant zombie (D:10)
  9 gnolls
  7 adders
  A shadow imp (D:6)
  3 oozes
  An adder skeleton (D:5)
  5 worms
  4 dart slugs
  3 leopard geckos
  37 orcs
  2 ball pythons
  4 giant cockroaches
  9 goblins
  3 hobgoblins
  7 jackals
  2 quokkas
  17 bats
  7 frilled lizards
  12 kobolds
  A leopard gecko skeleton (D:4)
  A quokka skeleton (D:6)
  7 rats
234 creatures vanquished.

Notes
Turn   | Place    | Note
-------+----------+-------------------------------------------
     0 | D:1      | Niddhogr the Formicid Venom Mage began the quest for the
                  | Orb.
     0 | D:1      | Reached XP level 1. HP: 13/13 MP: 3/3
    37 | D:1      | Reached skill level 1 in Conjurations
   465 | D:1      | Reached XP level 2. HP: 12/19 MP: 3/5
   606 | D:1      | Reached skill level 1 in Polearms
   737 | D:1      | Reached XP level 3. HP: 17/24 MP: 2/6
   742 | D:1      | Learned a level 3 spell: Mephitic Cloud
  1214 | D:2      | Reached XP level 4. HP: 25/30 MP: 4/7
  1264 | D:2      | Noticed Sigmund
  1279 | D:2      | Killed Sigmund
  1279 | D:2      | Reached skill level 6 in Poison Magic
  1279 | D:2      | Reached XP level 5. HP: 35/35 MP: 5/8
  1279 | D:2      | Reached XP level 6. HP: 41/41 MP: 5/9
  1290 | D:2      | Learned a level 4 spell: Olgreb's Toxic Radiance
  1845 | D:3      | Noticed Jessica
  1853 | D:3      | Killed Jessica
  2089 | D:3      | Noticed a phantom
  2899 | D:3      | Found a shimmering altar of Xom.
  3331 | D:4      | Reached skill level 7 in Poison Magic
  3331 | D:4      | Reached XP level 7. HP: 39/46 MP: 5/10
  3496 | D:4      | Found a staircase to the Ecumenical Temple.
  3503 | Temple   | Entered the Ecumenical Temple
  3605 | Temple   | Became a worshipper of Warmaster Okawaru
  3928 | D:4      | Reached skill level 5 in Polearms
  4007 | D:4      | Reached skill level 1 in Invocations
  4498 | D:5      | Entered Level 5 of the Dungeon
  4786 | D:5      | Reached skill level 8 in Poison Magic
  4786 | D:5      | Reached XP level 8. HP: 23/52 MP: 3/11
  4886 | D:5      | Found Cisugebb's Gadget Boutique.
  4925 | D:5      | Got a slimy tin ring
  4932 | D:5      | Found Cial's Food Shop.
  5328 | D:6      | Noticed Prince Ribbit
  5340 | D:6      | HP: 2/52 [Prince Ribbit (11)]
  5346 | D:6      | Killed Prince Ribbit
  5346 | D:6      | Reached * piety under Okawaru
  5396 | D:6      | Found Saesiab's Antique Weapon Boutique.
  5703 | D:6      | Reached skill level 5 in Invocations
  5816 | D:6      | Noticed a hippogriff
  5827 | D:6      | Killed a hippogriff
  5990 | D:6      | Reached XP level 9. HP: 33/57 MP: 8/15
  6103 | D:6      | Reached skill level 1 in Fighting
  6110 | D:6      | Learned a level 5 spell: Venom Bolt
  7118 | D:4      | Reached skill level 5 in Conjurations
  7436 | D:5      | Identified the ring of Ciuj Lesm {Dex+4 Stlth-} (You found
                  | it on level 5 of the Dungeon)
  7549 | D:5      | Found Huibrop's Jewellery Shoppe.
  7606 | D:5      | Reached ** piety under Okawaru
  9104 | D:8      | HP: 2/67 [ogre/cursed -2 giant club (30)]
  9119 | D:7      | Reached skill level 5 in Fighting
  9119 | D:7      | Reached XP level 10. HP: 6/74 MP: 2/16
  9393 | D:8      | Reached skill level 9 in Poison Magic
  9545 | D:8      | Noticed a two-headed ogre
  9578 | D:8      | Killed a two-headed ogre
  9578 | D:8      | Reached skill level 10 in Poison Magic
  9596 | D:8      | Reached *** piety under Okawaru
 10208 | D:9      | Found a shadowy altar of Dithmenos.
 10268 | D:9      | Reached skill level 1 in Throwing
 10539 | D:9      | Reached skill level 11 in Poison Magic
 10771 | D:9      | Received a gift from Okawaru
 10946 | D:10     | Entered Level 10 of the Dungeon
 11469 | D:10     | Reached skill level 5 in Spellcasting
 11469 | D:10     | Reached XP level 11. HP: 41/84 MP: 7/18
 11761 | D:10     | Noticed a deep troll
 11761 | D:10     | Noticed a deep troll
 11761 | D:10     | Noticed a deep troll
 11766 | D:10     | Killed a deep troll
 11766 | D:10     | Received a gift from Okawaru
 11766 | D:10     | Reached skill level 5 in Throwing
 11766 | D:10     | Killed a deep troll
 11766 | D:10     | Reached **** piety under Okawaru
 11771 | D:10     | Noticed an iron troll
 11772 | D:10     | Killed a deep troll
 12034 | D:10     | Noticed an iron troll
 12069 | D:10     | Killed an iron troll
 12069 | D:10     | Received a gift from Okawaru
 12093 | D:10     | Killed an iron troll
 12180 | D:10     | HP: 3/84 [troll (8)]
 12180 | D:10     | Mangled by a troll

Levels and vault maps discovered:
D:1:      nicolae_arrival_somewhat_less_tricky_arrival, layout_rooms, hex_tiny
D:2:      layout_basic, kennysheep_generic_room_14, uniq_sigmund
D:3:      layout_basic, serial_glass, glass_columns_b, glass_columns_b,
          feat_on_display, due_unseen_surprise, feat_on_display,
          feat_on_display, first_ration, tgw_xom, uniq_jessica
D:4:      layout_loops_ring, minmay_temple_entry_hall, minmay_small_thing
D:5:      layout_rooms, serial_shops, nicolae_shop_stone,
          nicolae_shop_statue_plus, shop, abandoned_shop
D:6:      layout_cave_pools, serial_shops, shop, uniq_prince_ribbit1
D:7:      layout_basic
D:8:      layout_basic, roderic_batcave, grunt_ogre_cave
D:9:      layout_basic, grunt_dithmenos_smoke
D:10:     lemuel_troll_bridge, layout_basic
Temple:   regret_index_temple_sigil_plot

Skill      XL: |  1  2  3  4  5  6  7  8  9 10 11 |
---------------+----------------------------------+-----
Conjurations   | 1 2 3 6 |  6.1
Polearms       | 1 2 3 4 5 |  5.0
Poison Magic   | 6 7 8 11 | 11.0
Invocations    | 2 5 6 |  6.0
Spellcasting   | 4 5 7 |  7.1
Fighting       | 5 7 |  7.0
Throwing       | 4 7 |  7.6
Dodging        | |  1.7
Stealth        | |  2.4

Action                   |  1- 3 |  4- 6 |  7- 9 | 10-12 || total
-------------------------+-------+-------+-------+-------++-------
Melee: Dagger            |    64 |    48 |       |       ||   112
       Spear             |     4 |       |   107 |   236 ||   347
       Short sword       |       |    49 |   290 |       ||   339
       Trident           |       |       |    16 |       ||    16
       Punch             |       |       |     2 |       ||     2
Throw: Javelin           |       |       |       |     9 ||     9
       Throwing net      |       |       |       |     1 ||     1
 Cast: Sting             |    23 |    58 |    86 |     6 ||   173
       Mephitic Cloud    |       |     1 |     4 |     7 ||    12
       Olgreb's Toxic Ra |       |     2 |    30 |    32 ||    64
       Venom Bolt        |       |       |       |     8 ||     8
Invok: Heroism           |       |       |     9 |     7 ||    16
Evoke: Wand              |       |     2 |       |     4 ||     6
  Use: Scroll            |       |     7 |     4 |       ||    11
       Potion            |       |       |     7 |       ||     7
 Stab: Sleeping          |     1 |     1 |     2 |     2 ||     6
       Confused          |       |     2 |     2 |       ||     4
       Distracted        |       |     1 |       |       ||     1
  Eat: Chunk             |     2 |     8 |    21 |    11 ||    42
       Ration            |       |       |     1 |     3 ||     4
Armor: Robe              |     8 |    23 |    88 |    34 ||   153
Dodge: Dodged            |    25 |    64 |   250 |   111 ||   450

Table legend:
 A = Non-vault XP
 B = Vault XP
 C = Vault XP percentage of total XP
 D = Non-vault monster count
 E = Vault monster count
 F = Vault count percentage of total count
                 A         B        C        D         E       F
            +---------+---------+-------+---------+---------+-------
      Total |    7532 |    5572 |  42.5 |     204 |      30 |  12.8
            +---------+---------+-------+---------+---------+-------
        D:1 |      43 |       0 |   0.0 |      24 |       0 |   0.0
        D:2 |      55 |     246 |  81.7 |      14 |       3 |  17.6
        D:3 |      53 |      44 |  45.4 |      23 |       6 |  20.7
        D:4 |     644 |      46 |   6.7 |      22 |       1 |   4.3
        D:5 |     641 |       0 |   0.0 |      22 |       0 |   0.0
        D:6 |     904 |     283 |  23.8 |      24 |       1 |   4.0
        D:7 |     451 |       0 |   0.0 |       8 |       0 |   0.0
        D:8 |    2092 |     130 |   5.9 |      24 |       9 |  27.3
        D:9 |    1201 |       0 |   0.0 |      29 |       0 |   0.0
       D:10 |    1448 |    4823 |  76.9 |      14 |      10 |  41.7
            +---------+---------+-------+---------+---------+-------
